 Dungeon Crawl Stone Soup version 0.21-a0-552-g593960d (webtiles) character file.

202 Monsterracer the Conjurer (level 5, -1/37 HPs)
             Began as a Gnoll Conjurer on Nov 5, 2017.
             Slain by a centaur zombie (4 damage)
             ... in an ossuary on Dec 17, 2017.
             The game lasted 00:10:09 (3800 turns).

Monsterracer the Conjurer (Gnoll Conjurer)          Turns: 3800, Time: 00:10:10

Health: -1/37      AC:  2    Str: 11    XL:     5   Next: 80%
Magic:  2/12       EV: 15    Int: 18    God:
Gold:   246        SH:  0    Dex: 15    Spells: 3/14 levels left

rFire    . . .     SeeInvis .   s - +0 trident
rCold    . . .     Gourm    .   (no shield)
rNeg     . . .     Faith    .   a - +0 robe
rPois    .         Spirit   .   (no helmet)
rElec    .         Reflect  .   m - scarf {repulsion}
rCorr    .         Harm     .   (no gloves)
MR       .....                  (no boots)
Stlth    +++.......             (no amulet)
HPRegen  0.12/turn              l - +5 ring of slaying
MPRegen  0.13/turn              (no ring)

@: very slightly contaminated, repel missiles
A: distributed training, fangs 1, strong nose
a: no special abilities


You were in an ossuary.
You were very hungry.

You visited 2 branches of the dungeon, and saw 6 of its levels.
You also visited: Ossuary.

You collected 246 gold pieces.

Inventory:

Hand Weapons
 s - a +0 trident (weapon)
Armour
 a - a +0 robe (worn)
 j - a +1 ring mail
 m - a scarf of repulsion (worn)
Jewellery
 l - a +5 ring of slaying (left hand)
Wands
 d - a wand of disintegration (8)
 n - a wand of digging (18)
Scrolls
 b - a scroll of removedness
 e - a scroll of enchant armour
 h - 5 scrolls of remove curse
 i - a scroll of amnesia
 o - a scroll of fear
Potions
 g - a potion of mutation {unknown}
 p - a potion of lignification {unknown}
 q - a potion of cancellation
Comestibles
 c - 4 bread rations
 f - 2 royal jellies


   Skills:
 + Level 1.6 Fighting
 + Level 1.6 Short Blades
 + Level 1.6 Long Blades
 + Level 1.6 Axes
 + Level 1.6 Maces & Flails
 + Level 1.6 Polearms
 + Level 1.6 Staves
 + Level 1.6 Slings
 + Level 1.6 Bows
 + Level 1.6 Crossbows
 + Level 1.6 Throwing
 + Level 1.6 Armour
 + Level 4.8 Dodging
 + Level 4.4 Stealth
 + Level 1.6 Shields
 + Level 1.6 Unarmed Combat
 + Level 5.2 Spellcasting
 + Level 7.2 Conjurations
 + Level 1.2 Hexes
 + Level 1.2 Charms
 + Level 1.2 Summonings
 + Level 1.2 Necromancy
 + Level 1.2 Translocations
 + Level 1.2 Transmutations
 + Level 1.2 Fire Magic
 + Level 1.2 Ice Magic
 + Level 1.2 Air Magic
 + Level 1.2 Earth Magic
 + Level 1.2 Poison Magic
 + Level 1.8 Invocations
 + Level 1.6 Evocations


You had 3 spell levels left.
You knew the following spells:

 Your Spells              Type           Power        Failure   Level  Hunger
a - Magic Dart            Conj           ####         1%          1    None
b - Searing Ray           Conj           ####..       1%          2    #......
c - Fulminant Prism       Conj/Hex       ###.......   22%         4    ####...
d - Force Lance           Conj/Tloc      ###.....     22%         4    ####...


Dungeon Overview and Level Annotations

Branches:
Dungeon (5/15)             Temple (1/1) D:4

Altars:
Dithmenos
Fedhas
Gozag
Hepliaklqana
Kikubaaqudgha
Makhleb
Nemelex Xobeh
Okawaru
Qazlal
Ru
Sif Muna
Uskayaw
Vehumet
Wu Jian
Xom
Zin
The Shining One

Annotations:
D:4 Sigmund


Innate Abilities, Weirdness & Mutations

Your experience applies equally to all skills.
You have very sharp teeth.
Your uncanny sense of smell can sniff out nearby items.


Message History

Aiming: Magic Dart
Press: ? - help, Shift-Dir - straight line, f/p - orc zombie
Aim: an orc zombie (almost destroyed)
The magic dart hits the orc zombie.
You destroy the orc zombie!
A hobgoblin zombie comes into view.
Casting: Magic Dart
Confirm with . or Enter, or press ? or * to list all spells.
Aiming: Magic Dart
Press: ? - help, Shift-Dir - straight line, f - hobgoblin zombie
Aim: a hobgoblin zombie (hasn't noticed you)
The magic dart hits the hobgoblin zombie.
The hobgoblin zombie is severely damaged.
Casting: Magic Dart
Confirm with . or Enter, or press ? or * to list all spells.
Aiming: Magic Dart
Press: ? - help, Shift-Dir - straight line, f/p - hobgoblin zombie
Aim: a hobgoblin zombie (severely damaged)
The magic dart hits the hobgoblin zombie.
You destroy the hobgoblin zombie!
You are feeling hungry.
You now have 8/12 mp.
The alarm trap emits a blaring wail!
A sentinel's mark forms upon you.
Found a gate leading back out of this place.
MP restored: 12 A kobold zombie comes into view.
An orc zombie comes into view.
You hear a distant blaring wail to the south.
You hear a distant blaring wail to the north.
You hear a distant blaring wail to the southwest. 2 zombies come into view.
A centaur zombie comes into view.
Casting: Magic Dart
Confirm with . or Enter, or press ? or * to list all spells.
Aiming: Fulminant Prism
Press: ? - help, Dir - move target cursor You miscast Fulminant Prism.
You are very lightly contaminated with residual magic.
Your skin glows momentarily.
The centaur zombie hits you but does no damage.
You now have 8/12 mp.
Casting: Fulminant Prism
Confirm with . or Enter, or press ? or * to list all spells.
Aiming: Fulminant Prism
Press: ? - help, Dir - move target cursor You conjure a prism of explosive energy!
The centaur zombie misses you.
You now have 4/12 mp.
The centaur zombie barely misses you. x2
Your fulminant prism crackles loudly.
Your fulminant prism explodes!
The blast of energy engulfs the centaur zombie.
The centaur zombie is moderately damaged.
The blast of energy engulfs the centaur zombie.
The centaur zombie is heavily damaged.
The blast of energy engulfs the centaur zombie.
The centaur zombie is lightly damaged.
Casting: Fulminant Prism
Confirm with . or Enter, or press ? or * to list all spells.
Aiming: Fulminant Prism
Press: ? - help, Dir - move target cursor You conjure a prism of explosive energy!
You are feeling very hungry.
The centaur zombie hits your fulminant prism.
The centaur zombie hits you. x2
You take 11 damage, and have 26/37 hp.
MASSIVE DAMAGE!!
You now have 0/12 mp.
The centaur zombie hits your fulminant prism.
Your fulminant prism detonates feebly.
The centaur zombie hits you.
You take 1 damage, and have 25/37 hp.
The centaur zombie hits you!
* * * LOW HITPOINT WARNING * * *
A jackal zombie comes into view.
You take 8 damage, and have 17/37 hp.
MASSIVE DAMAGE!!
Unknown command.
The centaur zombie hits you.
* * * LOW HITPOINT WARNING * * *
You take 3 damage, and have 14/37 hp.
The centaur zombie misses you. The centaur zombie hits you.
* * * LOW HITPOINT WARNING * * *
You take 1 damage, and have 13/37 hp.
Unknown command.
The centaur zombie hits you.
* * * LOW HITPOINT WARNING * * *
The centaur zombie hits you.
* * * LOW HITPOINT WARNING * * *
You take 4 damage, and have 9/37 hp.
The sentinel's mark upon you fades away.
An orc zombie comes into view.
The centaur zombie completely misses you.
The centaur zombie hits you!
* * * LOW HITPOINT WARNING * * *
There is an empty arch of ancient stone here.
You take 7 damage, and have 2/37 hp.
There is a gate leading back out of this place here.
Okay, then.
The centaur zombie hits you.
You die...

#.... #...# #....
#..Z# #.∩... #Z..#
#...# ∆∆∆#...# ∆
∆∆∆#...#
.##############...#
........Z.Z.......#
.....Z.@ZZ........#
###################


You could see a jackal zombie, an orc zombie and 3 centaur zombies.

Vanquished Creatures
  A centaur skeleton (D:5)
  Ijyb (D:4)
  6 adders
  2 oozes (D:1)
  A dart slug (D:3)
  4 leopard geckos
  5 orcs
  4 giant cockroaches
  11 goblins
  4 hobgoblins
  4 jackals (D:3)
  5 quokkas
  5 bats
  2 frilled lizards
  4 hobgoblin zombies (Ossuary)
  9 kobolds
  4 kobold zombies (Ossuary)
  5 orc zombies (Ossuary)
  8 rats
85 creatures vanquished.

Vanquished Creatures (others)
  2 fulminant prisms (Ossuary)
2 creatures vanquished.

Grand Total: 87 creatures vanquished

Notes
Turn   | Place    | Note
-------+----------+-------------------------------------------
     0 | D:1      | Monsterracer the Gnoll Conjurer began the quest for the Orb.
     0 | D:1      | Reached XP level 1. HP: 13/13 MP: 6/6
   134 | D:1      | Reached XP level 2. HP: 20/20 MP: 7/7
   148 | D:1      | Learned a level 2 spell: Searing Ray
   455 | D:1      | Reached XP level 3. HP: 25/25 MP: 7/9
   541 | D:1      | Reached skill level 5 in Spellcasting
   885 | D:2      | Reached skill level 1 in Invocations
   886 | D:2      | Upgraded the game from 0.21-a0-426-g98080a9 to 0.21-a0-442-g848f44b
   886 | D:2      | Upgraded the game from 0.21-a0-442-g848f44b to 0.21-a0-538-gd16b88a
   886 | D:2      | Upgraded the game from 0.21-a0-538-gd16b88a to 0.21-a0-552-g593960d
  1106 | D:2      | Found a shimmering altar of Xom.
  1107 | D:2      | Found a shimmering altar of Xom.
  1107 | D:2      | Found a shimmering altar of Xom.
  1107 | D:2      | Found a shimmering altar of Xom.
  1107 | D:2      | Found a shimmering altar of Xom.
  1126 | D:2      | Reached skill level 1 in Fighting
  1126 | D:2      | Reached skill level 1 in Short Blades
  1126 | D:2      | Reached skill level 1 in Long Blades
  1126 | D:2      | Reached skill level 1 in Axes
  1126 | D:2      | Reached skill level 1 in Maces & Flails
  1126 | D:2      | Reached skill level 1 in Polearms
  1126 | D:2      | Reached skill level 1 in Staves
  1126 | D:2      | Reached skill level 1 in Slings
  1126 | D:2      | Reached skill level 1 in Bows
  1126 | D:2      | Reached skill level 1 in Crossbows
  1126 | D:2      | Reached skill level 1 in Throwing
  1126 | D:2      | Reached skill level 1 in Armour
  1126 | D:2      | Reached skill level 1 in Shields
  1126 | D:2      | Reached skill level 1 in Unarmed Combat
  1126 | D:2      | Reached skill level 1 in Evocations
  1126 | D:2      | Reached XP level 4. HP: 32/32 MP: 7/11
  1372 | D:2      | Learned a level 4 spell: Fulminant Prism
  1377 | D:2      | Learned a level 4 spell: Force Lance
  1688 | D:2      | You fall through a shaft!
  1764 | D:3      | Reached skill level 1 in Hexes
  1764 | D:3      | Reached skill level 1 in Charms
  1764 | D:3      | Reached skill level 1 in Summonings
  1764 | D:3      | Reached skill level 1 in Necromancy
  1764 | D:3      | Reached skill level 1 in Translocations
  1764 | D:3      | Reached skill level 1 in Transmutations
  1764 | D:3      | Reached skill level 1 in Fire Magic
  1764 | D:3      | Reached skill level 1 in Ice Magic
  1764 | D:3      | Reached skill level 1 in Air Magic
  1764 | D:3      | Reached skill level 1 in Earth Magic
  1764 | D:3      | Reached skill level 1 in Poison Magic
  1857 | D:3      | Found an ornate altar of the Wu Jian Council.
  2017 | D:3      | Found a deep blue altar of Sif Muna.
  2189 | D:3      | Found an iron altar of Okawaru.
  2193 | D:3      | Reached XP level 5. HP: 37/37 MP: 8/12
  2361 | D:3      | Found a burning altar of Makhleb.
  2818 | D:3      | Found a sacrificial altar of Ru.
  2902 | D:2      | Found an ancient bone altar of Kikubaaqudgha.
  2993 | D:4      | Noticed Ijyb
  2998 | D:4      | Killed Ijyb
  3095 | D:4      | Found a staircase to the Ecumenical Temple.
  3134 | Temple   | Entered the Ecumenical Temple
  3383 | D:4      | Noticed Sigmund
  3397 | D:5      | Entered Level 5 of the Dungeon
  3462 | D:5      | Found a sand-covered staircase.
  3482 | Ossuary  | Entered an ossuary
  3785 | Ossuary  | HP: 17/37 [centaur zombie (8)]
  3790 | Ossuary  | HP: 13/37 [centaur zombie (1)]
  3798 | Ossuary  | HP: 2/37 [centaur zombie (7)]
  3800 | Ossuary  | Slain by a centaur zombie

Vault maps used:
D:1:      minmay_arrival_semitransparent, st_stairs_14
D:2:      xom_redecorated, marbit_many_paths, minmay_tetromino_i4
D:3:      nicolae_overflow_hidden_temple, lemuel_doored_altar,
          lightli_temple_of_fire, overflow_temple_1_default, okawaru_gym_becter
D:4:      minmay_temple_entry_nine_rooms, uniq_robin, uniq_sigmund, uniq_ijyb
D:5:      slow_altar_1, enter_ossuary_2, first_bread
Temple:   dpeg_chambers_temple
Ossuary:  ossuary_tomb_1

Skill      XL: |  1  2  3  4 |
---------------+-------------+-----
Spellcasting   | 5 |  5.2
Invocations    | 1 |  1.8
Fighting       | 1 |  1.6
Short Blades   | 1 |  1.6
Long Blades    | 1 |  1.6
Axes           | 1 |  1.6
Maces & Flails | 1 |  1.6
Polearms       | 1 |  1.6
Staves         | 1 |  1.6
Slings         | 1 |  1.6
Bows           | 1 |  1.6
Crossbows      | 1 |  1.6
Throwing       | 1 |  1.6
Armour         | 1 |  1.6
Shields        | 1 |  1.6
Unarmed Combat | 1 |  1.6
Evocations     | 1 |  1.6
Hexes          | 1 |  1.2
Charms         | 1 |  1.2
Summonings     | 1 |  1.2
Necromancy     | 1 |  1.2
Translocations | 1 |  1.2
Transmutations | 1 |  1.2
Fire Magic     | 1 |  1.2
Ice Magic      | 1 |  1.2
Air Magic      | 1 |  1.2
Earth Magic    | 1 |  1.2
Poison Magic   | 1 |  1.2
Dodging        | |  4.8
Stealth        | |  4.4
Conjurations   | |  7.2

Action                   |  1- 3 |  4- 6 || total
-------------------------+-------+-------++-------
Melee: Spear             |    21 |     8 ||    29
       Trident           |       |    12 ||    12
 Cast: Magic Dart        |    29 |   101 ||   130
       Searing Ray       |     2 |     4 ||     6
       Fulminant Prism   |       |     2 ||     2
  Use: Scroll            |       |    10 ||    10
       Potion            |       |     1 ||     1
 Stab: Sleeping          |     3 |     1 ||     4
  Eat: Chunk             |       |     8 ||     8
Armor: Robe              |     6 |     3 ||     9
Dodge: Dodged            |     9 |    17 ||    26

Table legend:
 A = Spawn XP
 B = Non-spawn XP
 C = Spawn XP percentage of total XP
 D = Spawn monster count
 E = Non-spawn monster count
 F = Spawn count percentage of total count
 G = Total turns spent on level
                    A         B        C        D         E        F      G
               +---------+---------+-------+---------+---------+-------+---------
         Total |       0 |     289 |   0.0 |       0 |      85 |   0.0 |  3800
               +---------+---------+-------+---------+---------+-------+---------
           D:1 |       0 |      39 |   0.0 |       0 |      21 |   0.0 |   797
           D:2 |       0 |      93 |   0.0 |       0 |      26 |   0.0 |  1017
           D:3 |       0 |      63 |   0.0 |       0 |      19 |   0.0 |  1179
           D:4 |       0 |      36 |   0.0 |       0 |       3 |   0.0 |   204
           D:5 |       0 |      45 |   0.0 |       0 |       3 |   0.0 |    85
       Ossuary |       0 |      13 |   0.0 |       0 |      13 |   0.0 |   318
               +---------+---------+-------+---------+---------+-------+---------

Vault maps used:
D:1:      minmay_arrival_semitransparent, st_stairs_14
D:2:      xom_redecorated, marbit_many_paths, minmay_tetromino_i4
D:3:      nicolae_overflow_hidden_temple, lemuel_doored_altar,
          lightli_temple_of_fire, overflow_temple_1_default, okawaru_gym_becter
D:4:      minmay_temple_entry_nine_rooms, uniq_robin, uniq_sigmund, uniq_ijyb
D:5:      slow_altar_1, enter_ossuary_2, first_bread
Temple:   dpeg_chambers_temple
Ossuary:  ossuary_tomb_1
